Icehogs vs Wolves
Created - 18 janvier 2013 at 19:12
Goals
|
| Icehogs |
1 |
1 |
1 |
3 |
| Wolves |
0 |
2 |
3 |
5 |
|
Shots
|
| Icehogs |
20 |
11 |
7 |
38 |
| Wolves |
6 |
9 |
16 |
31 |
|
1st period
1. Icehogs , Niklas Hagman 12 (B.J. Crombeen, Patrik Berglund) at 17:35
Penalties :
Mike Sislo (Min) for Charging (Minor) at 1:42
2nd period
2. Wolves , Chris Neil 12 (Mike Sislo, Matt Gilroy) at 2:23
3. Wolves , Chris Neil 13 (Mike Sislo, Bruno Gervais) at 6:52 (PP)
4. Icehogs , Josh Hennessy 3 (Ville Nieminen, Barry Tallackson) at 10:58
Penalties :
Niklas Hagman (Roc) for Cross-checking (Minor) at 6:14, Patrik Berglund (Roc) for Interference (Minor) at 15:40
3rd period
5. Icehogs , Niklas Hagman 13 (Jaroslav Spacek, Patrik Berglund) at 0:06
6. Wolves , Alexander Perezhogin 19 (Mike Zigomanis, Willie Mitchell) at 0:30 (PP)
7. Wolves , Chris Neil 14 (Dan Fritsche, Mike Sislo) at 18:32 (PP)
8. Wolves , Chris Neil 15 (Willie Mitchell, Bruno Gervais) at 19:18 (PP)
Penalties :
B.J. Crombeen (Roc) for Tripping (Minor) at 0:20, Patrik Berglund (Roc) for Interference (Minor) at 5:48, Ville Nieminen (Roc) for Tripping (Minor) at 12:47, Marc Methot (Min) for Delaying the game (Minor) at 14:54, B.J. Crombeen (Roc) for Hooking (Minor) at 17:56, Ryan Shannon (Roc) for Hooking (Minor) at 18:43
Goalie Stats
José Theodore (Roc), 26 saves from 31 shots - (0,839), L, 11-9-1, 60:00 minutes
Julien Ellis (Min), 35 saves from 38 shots - (0,921), W, 11-7-1, 60:00 minutes
Players Stats for Icehogs
Player Name G A P +/- PIM S H SB GA TA FO MP PP MP PK MP
------------------------------------------------------------------------------------
B.J. Crombeen 0 1 1 2 4 4 3 0 0 1 6/7 21:47 2:11 4:10
Barry Tallackson 0 1 1 1 0 3 4 1 1 0 0/1 18:31 1:46 1:49
Chris Mueller 0 0 0 -1 0 0 1 0 0 0 3/7 10:35 0:00 0:00
Dan Bertram 0 0 0 0 0 0 1 0 0 0 0/0 6:58 0:00 0:00
Dylan Hunter 0 0 0 0 0 3 0 0 0 0 3/3 9:51 0:00 2:46
Jaroslav Spacek 0 1 1 0 0 3 1 1 1 1 0/0 29:03 1:57 4:50
Joakim Andersson 0 0 0 0 0 1 1 0 0 0 1/5 6:58 0:00 0:00
Josh Hennessy 1 0 1 1 0 5 3 0 1 1 9/17 18:17 2:11 0:57
Logan Stephenson 0 0 0 1 0 1 0 0 0 0 0/0 11:26 0:00 0:00
Mark Popovic 0 0 0 1 0 2 1 2 1 0 0/0 19:31 2:01 3:06
Matt Hunwick 0 0 0 1 0 0 1 0 1 1 0/0 19:31 2:01 3:06
Milan Jurcina 0 0 0 1 0 0 0 1 0 0 0/0 11:26 0:00 0:00
Niklas Hagman 2 0 2 2 2 4 4 0 1 1 0/2 22:34 2:11 4:52
Patrik Berglund 0 2 2 2 4 1 1 0 0 1 15/26 17:09 1:47 0:00
Ryan Parent 0 0 0 0 0 3 0 1 0 2 0/0 29:03 1:57 4:50
Ryan Shannon 0 0 0 -1 2 1 1 0 1 0 0/0 10:37 0:01 0:00
Travis Moen 0 0 0 -1 0 2 0 0 0 0 0/0 10:39 0:00 0:04
Ville Nieminen 0 1 1 1 2 5 2 0 0 0 0/0 18:01 1:47 1:14
Players Stats for Wolves
Player Name G A P +/- PIM S H SB GA TA FO MP PP MP PK MP
------------------------------------------------------------------------------------
Alexander Perezhogin 1 0 1 -2 0 6 2 1 1 1 0/0 21:04 4:32 0:00
Bruno Gervais 0 2 2 -2 0 1 1 1 1 1 0/0 28:40 4:20 2:18
Chris Neil 4 0 4 0 0 5 0 1 1 1 0/3 18:28 3:24 2:02
Cody McLeod 0 0 0 -2 0 2 0 1 1 0 1/1 17:59 4:26 0:44
Dan Fritsche 0 1 1 0 0 4 1 0 0 1 4/7 14:30 3:24 0:12
Ethan Moreau 0 0 0 0 0 2 1 2 0 0 3/4 16:34 0:06 2:05
Jason King 0 0 0 0 0 2 0 1 1 0 0/0 7:48 0:00 0:00
Jonas Junland 0 0 0 1 0 0 0 1 1 0 0/0 11:33 0:00 0:00
Marc Methot 0 0 0 -1 2 1 2 0 0 0 0/0 19:05 3:36 0:51
Marc-André Gragnani 0 0 0 1 0 0 0 1 0 0 0/0 12:26 0:00 0:49
Matt Gilroy 0 1 1 -1 0 1 1 3 0 1 0/0 20:04 3:36 1:53
Mike Sislo 0 3 3 0 2 0 3 0 0 1 0/0 17:09 3:24 0:29
Mike Zigomanis 0 1 1 -2 0 2 1 2 2 0 21/40 22:20 4:32 1:12
Milan Bartovic 0 0 0 0 0 1 2 0 0 0 0/0 12:06 0:00 1:12
Petr Kalus 0 0 0 0 0 0 1 1 0 0 1/3 7:48 0:00 0:00
Stefan Chaput 0 0 0 0 0 1 0 0 0 0 1/10 12:31 0:00 0:00
Vyacheslav Kozlov 0 0 0 0 0 2 1 0 0 0 0/0 7:32 0:00 0:00
Willie Mitchell 0 2 2 -2 0 1 2 2 0 1 0/0 28:23 4:20 2:05
3 Stars
1 - Chris Neil (Min)
2 - Niklas Hagman (Roc)
3 - Josh Hennessy (Roc)
Power Play
Icehogs - 0 on 2 Attempt(s) - 0,00%
Wolves - 4 on 7 Attempt(s) - 57,14%
Penalty Kill
Icehogs - 3 on 7 Attempt(s) - 42,86%
- Score 0 goal in Penalty Kill
Wolves - 2 on 2 Attempt(s) - 100,00%
- Score 0 goal in Penalty Kill
Official
Referees : McCauley Wes and Marouelli Dan
Linesman : Steve Barton and Lonnie Cameron
Game Notes
Vyacheslav Kozlov is injured at 1:31 of 2nd period (Strained Right Elbow)
Chris Neil has scored a Hat Trick!
Icehogs
5 vs 5 Forward
Center Left Wing Right Wing Time % Phy DF OF
1 Patrik Berglund Niklas Hagman B.J. Crombeen 40 1 2 2
2 Josh Hennessy Ville Nieminen Barry Tallackson 30 1 2 2
3 Chris Mueller Travis Moen Ryan Shannon 20 1 2 2
4 Joakim Andersson Dylan Hunter Dan Bertram 10 1 2 2
5 vs 5 Defense
Defense Defense Time % Phy DF OF
1 Jaroslav Spacek Ryan Parent 40 1 2 2
2 Matt Hunwick Mark Popovic 30 1 2 2
3 Milan Jurcina Logan Stephenson 20 1 2 2
4 Jaroslav Spacek Ryan Parent 10 1 2 2
PowerPlay Forward
Center Left Wing Right Wing Time % Phy DF OF
1 Josh Hennessy Niklas Hagman B.J. Crombeen 60 1 2 2
2 Patrik Berglund Ville Nieminen Barry Tallackson 40 1 2 2
PowerPlay Defense
Defense Defense Time % Phy DF OF
1 Jaroslav Spacek Ryan Parent 60 1 2 2
2 Matt Hunwick Mark Popovic 40 1 2 2
Penalty Kill 4 Players Forward
Center Wing Time % Phy DF OF
1 B.J. Crombeen Niklas Hagman 60 1 2 2
2 Ville Nieminen Barry Tallackson 40 1 2 2
Penalty Kill 4 Players Defense
Defense Defense Time % Phy DF OF
1 Jaroslav Spacek Ryan Parent 60 1 2 2
2 Matt Hunwick Mark Popovic 40 1 2 2
Penalty Kill - 3 Players Forward
Forward Time % Phy DF OF
1 B.J. Crombeen 60 1 2 2
2 Niklas Hagman 40 1 2 2
Penalty Kill - 3 Players Defense
Defense Defense Time % Phy DF OF
1 Jaroslav Spacek Ryan Parent 60 1 2 2
2 Matt Hunwick Mark Popovic 40 1 2 2
4 vs 4 Forward
Center Wing Time % Phy DF OF
1 B.J. Crombeen Niklas Hagman 60 1 2 2
2 Ville Nieminen Barry Tallackson 40 1 2 2
4 vs 4 Defense
Defense Defense Time % Phy DF OF
1 Jaroslav Spacek Ryan Parent 60 1 2 2
2 Matt Hunwick Mark Popovic 40 1 2 2
Last Minutes Offensive
Center Left Wing Right Wing Defense Defense
Josh Hennessy Niklas Hagman B.J. Crombeen Jaroslav Spacek Ryan Parent
Last Minutes Defensive
Center Left Wing Right Wing Defense Defense
Josh Hennessy Niklas Hagman B.J. Crombeen Jaroslav Spacek Ryan Parent
Goaltenders
Starting : José Theodore
Backup : Maxime Ouellet
Extra Forwards
Normal : Ryan Shannon, Travis Moen, Dylan Hunter - PP : Ryan Shannon, Travis Moen - PK : Dylan Hunter
Extra Defensemen
Normal : Milan Jurcina, Logan Stephenson, Matt Hunwick - PP : Milan Jurcina - PK : Logan Stephenson, Matt Hunwick
Penalty Shots
B.J. Crombeen, Niklas Hagman, Ville Nieminen, Barry Tallackson, Josh Hennessy
Wolves
5 vs 5 Forward
Center Left Wing Right Wing Time % Phy DF OF
1 Mike Zigomanis Vyacheslav Kozlov Alexander Perezhogin 40 1 0 4
2 Stefan Chaput Mike Sislo Chris Neil 30 0 1 4
3 Dan Fritsche Ethan Moreau Milan Bartovic 20 1 3 1
4 Petr Kalus Cody McLeod Jason King 10 2 2 1
5 vs 5 Defense
Defense Defense Time % Phy DF OF
1 Willie Mitchell Bruno Gervais 40 1 3 1
2 Matt Gilroy Marc Methot 30 2 2 1
3 Jonas Junland Marc-André Gragnani 20 1 3 1
4 Bruno Gervais Willie Mitchell 10 1 3 1
PowerPlay Forward
Center Left Wing Right Wing Time % Phy DF OF
1 Mike Zigomanis Vyacheslav Kozlov Alexander Perezhogin 60 0 0 5
2 Dan Fritsche Mike Sislo Chris Neil 40 0 0 5
PowerPlay Defense
Defense Defense Time % Phy DF OF
1 Willie Mitchell Bruno Gervais 60 0 1 4
2 Matt Gilroy Marc Methot 40 0 1 4
Penalty Kill 4 Players Forward
Center Wing Time % Phy DF OF
1 Ethan Moreau Chris Neil 60 1 3 1
2 Mike Zigomanis Milan Bartovic 40 2 2 1
Penalty Kill 4 Players Defense
Defense Defense Time % Phy DF OF
1 Willie Mitchell Bruno Gervais 60 2 3 0
2 Matt Gilroy Marc Methot 40 2 3 0
Penalty Kill - 3 Players Forward
Forward Time % Phy DF OF
1 Ethan Moreau 60 2 3 0
2 Milan Bartovic 40 2 3 0
Penalty Kill - 3 Players Defense
Defense Defense Time % Phy DF OF
1 Marc Methot Bruno Gervais 60 3 2 0
2 Jonas Junland Marc-André Gragnani 40 3 2 0
4 vs 4 Forward
Center Wing Time % Phy DF OF
1 Milan Bartovic Vyacheslav Kozlov 60 1 1 3
2 Chris Neil Alexander Perezhogin 40 1 1 3
4 vs 4 Defense
Defense Defense Time % Phy DF OF
1 Willie Mitchell Bruno Gervais 60 2 2 1
2 Matt Gilroy Marc Methot 40 2 2 1
Last Minutes Offensive
Center Left Wing Right Wing Defense Defense
Mike Zigomanis Vyacheslav Kozlov Alexander Perezhogin Willie Mitchell Bruno Gervais
Last Minutes Defensive
Center Left Wing Right Wing Defense Defense
Dan Fritsche Milan Bartovic Chris Neil Willie Mitchell Bruno Gervais
Goaltenders
Starting : Julien Ellis
Backup : Loïc Lacasse
Extra Forwards
Normal : Mike Zigomanis, Vyacheslav Kozlov, Alexander Perezhogin - PP : Mike Zigomanis, Vyacheslav Kozlov - PK : Cody McLeod
Extra Defensemen
Normal : Willie Mitchell, Bruno Gervais, Marc Methot - PP : Willie Mitchell - PK : Marc Methot, Bruno Gervais
Penalty Shots
Chris Neil, Vyacheslav Kozlov, Mike Zigomanis, Ethan Moreau, Milan Bartovic
% Time on Ice - Icehogs
Lines # - Real PCT - Wanted PCT - Time Play
Normal Forward
1 - 32% - 40% - 15:35
2 - 31% - 30% - 14:58
3 - 22% - 20% - 10:35
4 - 14% - 10% - 6:58
Normal Defense
1 - 41% - 40% - 19:41
2 - 30% - 30% - 14:24
3 - 24% - 20% - 11:26
4 - 5% - 10% - 2:35
PP Forward
1 - 55% - 60% - 2:11
2 - 45% - 40% - 1:47
PP Defense
1 - 49% - 60% - 1:57
2 - 51% - 40% - 2:01
PK Forward
1 - 77% - 60% - 6:07
2 - 23% - 40% - 1:49
PK Defense
1 - 61% - 60% - 4:50
2 - 39% - 40% - 3:06
PK3 Forward
1 - 0% - 60%
2 - 0% - 40%
PK3 Defense
1 - 0% - 60%
2 - 0% - 40%
44 Forward
1 - 0% - 60%
2 - 0% - 40%
44 Defense
1 - 0% - 60%
2 - 0% - 40%
Last Minute Offensive - 0:00
Last Minute Defensive - 0:00
Total
Forward - 60:00
Defense - 60:00
|
% Time on Ice - Wolves
Lines # - Real PCT - Wanted PCT - Time Play
Normal Forward
1 - 35% - 40% - 16:49
2 - 26% - 30% - 12:39
3 - 23% - 20% - 10:50
4 - 16% - 10% - 7:48
Normal Defense
1 - 39% - 40% - 18:54
2 - 30% - 30% - 14:35
3 - 24% - 20% - 11:33
4 - 6% - 10% - 3:04
PP Forward
1 - 57% - 60% - 4:32
2 - 43% - 40% - 3:24
PP Defense
1 - 55% - 60% - 4:20
2 - 45% - 40% - 3:36
PK Forward
1 - 70% - 60% - 2:46
2 - 30% - 40% - 1:12
PK Defense
1 - 53% - 60% - 2:05
2 - 47% - 40% - 1:53
PK3 Forward
1 - 0% - 60%
2 - 0% - 40%
PK3 Defense
1 - 0% - 60%
2 - 0% - 40%
44 Forward
1 - 0% - 60%
2 - 0% - 40%
44 Defense
1 - 0% - 60%
2 - 0% - 40%
Last Minute Offensive - 0:00
Last Minute Defensive - 0:00
Total
Forward - 60:00
Defense - 60:00
|
Play by Play
1st period
0:01 of 1st period - Mike Zigomanis wins face-off versus Patrik Berglund in neutral zone.
0:06 of 1st period - B.J. Crombeen is hit by Bruno Gervais and loses puck.
0:55 of 1st period - Snap shot by Jason King.
0:55 of 1st period - Stopped by José Theodore with a rebound.
1:31 of 1st period - Wrist shot by Patrik Berglund.
1:31 of 1st period - Deflect By Niklas Hagman.
1:31 of 1st period - Shot Blocked by Matt Gilroy.
1:31 of 1st period - Puck is out of play.
1:32 of 1st period - Patrik Berglund wins face-off versus Stefan Chaput in Wolves zone.
1:42 of 1st period - Minor Penalty to Mike Sislo for Charging.
1:43 of 1st period - Ethan Moreau wins face-off versus Josh Hennessy in Wolves zone.
1:43 of 1st period - Ethan Moreau is hit by Niklas Hagman.
1:54 of 1st period - Off-side.
1:55 of 1st period - Ethan Moreau wins face-off versus Josh Hennessy in neutral zone.
2:21 of 1st period - Ryan Parent is hit by Ethan Moreau and loses puck.
3:42 of 1st period - Penalty to Mike Sislo is over, Mike Sislo is back on ice.
3:58 of 1st period - Slapshot by Dylan Hunter.
3:58 of 1st period - Stopped by Julien Ellis without a rebound.
3:59 of 1st period - Joakim Andersson wins face-off versus Petr Kalus in Wolves zone.
4:02 of 1st period - Slapshot by Logan Stephenson.
4:02 of 1st period - Deflect By Dan Bertram.
4:02 of 1st period - Shot Blocked by Jonas Junland.
4:02 of 1st period - Puck is out of play.
4:03 of 1st period - Petr Kalus wins face-off versus Joakim Andersson in Wolves zone.
4:18 of 1st period - Wrist shot by Milan Jurcina.
4:18 of 1st period - Deflect By Dylan Hunter.
4:18 of 1st period - Stopped by Julien Ellis without a rebound.
4:19 of 1st period - Josh Hennessy wins face-off versus Mike Zigomanis in Wolves zone.
4:20 of 1st period - Snap shot by Ville Nieminen.
4:20 of 1st period - Shot Misses the Net.
5:33 of 1st period - Snap shot by Milan Bartovic.
5:33 of 1st period - Shot Misses the Net.
5:49 of 1st period - Snap shot by Alexander Perezhogin.
5:49 of 1st period - Shot Blocked by Milan Jurcina.
6:09 of 1st period - Wrist shot by Josh Hennessy.
6:09 of 1st period - Stopped by Julien Ellis with a rebound.
6:33 of 1st period - Snap shot by Travis Moen.
6:33 of 1st period - Stopped by Julien Ellis without a rebound.
6:34 of 1st period - Dan Fritsche wins face-off versus Chris Mueller in Wolves zone.
6:43 of 1st period - Slapshot by Milan Bartovic.
6:43 of 1st period - Shot Misses the Net.
6:45 of 1st period - Snap shot by Ethan Moreau.
6:45 of 1st period - Shot Misses the Net.
6:47 of 1st period - Snap shot by Ethan Moreau.
6:47 of 1st period - Shot Misses the Net.
7:05 of 1st period - Mike Zigomanis is hit by Barry Tallackson and loses puck.
7:10 of 1st period - Wrist shot by Ville Nieminen.
7:10 of 1st period - Deflect By Josh Hennessy.
7:10 of 1st period - Shot Misses the Net.
7:10 of 1st period - Puck is out of play.
7:11 of 1st period - Patrik Berglund wins face-off versus Chris Neil in Wolves zone.
7:26 of 1st period - Snap shot by Niklas Hagman.
7:26 of 1st period - Stopped by Julien Ellis with a rebound.
8:06 of 1st period - Snap shot by Milan Bartovic.
8:06 of 1st period - Shot Misses the Net.
9:02 of 1st period - Snap shot by Travis Moen.
9:02 of 1st period - Stopped by Julien Ellis with a rebound.
9:04 of 1st period - Slapshot by Mark Popovic.
9:04 of 1st period - Stopped by Julien Ellis without a rebound.
9:05 of 1st period - Mike Zigomanis wins face-off versus Chris Mueller in Wolves zone.
9:05 of 1st period - Mike Zigomanis is hit by Ryan Shannon.
9:12 of 1st period - Wrist shot by Travis Moen.
9:12 of 1st period - Shot Misses the Net.
9:14 of 1st period - Slapshot by Logan Stephenson.
9:14 of 1st period - Shot Misses the Net.
9:18 of 1st period - Snap shot by Ryan Shannon.
9:18 of 1st period - Shot Misses the Net.
9:20 of 1st period - Slapshot by Logan Stephenson.
9:20 of 1st period - Stopped by Julien Ellis with a rebound.
10:55 of 1st period - Off-side.
10:56 of 1st period - Mike Zigomanis wins face-off versus Niklas Hagman in neutral zone.
11:13 of 1st period - Patrik Berglund is hit by Alexander Perezhogin and loses puck.
11:23 of 1st period - Off-side.
11:24 of 1st period - Josh Hennessy wins face-off versus Chris Neil in neutral zone.
11:27 of 1st period - Slapshot by Ville Nieminen.
11:27 of 1st period - Stopped by Julien Ellis with a rebound.
11:29 of 1st period - Wrist shot by Ville Nieminen.
11:29 of 1st period - Stopped by Julien Ellis without a rebound.
11:30 of 1st period - Mike Zigomanis wins face-off versus Josh Hennessy in Wolves zone.
11:30 of 1st period - Mike Zigomanis is hit by Barry Tallackson.
11:42 of 1st period - Icing by Jaroslav Spacek.
11:43 of 1st period - Mike Zigomanis wins face-off versus Josh Hennessy in Icehogs zone.
11:44 of 1st period - Snap shot by Vyacheslav Kozlov.
11:44 of 1st period - Shot Misses the Net.
11:56 of 1st period - Snap shot by Barry Tallackson.
11:56 of 1st period - Stopped by Julien Ellis without a rebound.
11:57 of 1st period - Patrik Berglund wins face-off versus Mike Zigomanis in Wolves zone.
12:02 of 1st period - Slapshot by B.J. Crombeen.
12:02 of 1st period - Stopped by Julien Ellis without a rebound.
12:03 of 1st period - Patrik Berglund wins face-off versus Mike Zigomanis in Wolves zone.
12:06 of 1st period - Snap shot by B.J. Crombeen.
12:06 of 1st period - Shot Blocked by Willie Mitchell.
12:08 of 1st period - Snap shot by Patrik Berglund.
12:08 of 1st period - Stopped by Julien Ellis without a rebound.
12:09 of 1st period - Patrik Berglund wins face-off versus Mike Zigomanis in Wolves zone.
12:26 of 1st period - Ryan Parent is hit by Mike Zigomanis and loses puck.
12:45 of 1st period - Wrist shot by Barry Tallackson.
12:45 of 1st period - Shot Misses the Net.
12:47 of 1st period - Wrist shot by Ville Nieminen.
12:47 of 1st period - Deflect By Josh Hennessy.
12:47 of 1st period - Shot Blocked by Chris Neil.
12:47 of 1st period - Puck is out of play.
12:48 of 1st period - Josh Hennessy wins face-off versus Ethan Moreau in Wolves zone.
12:53 of 1st period - Wrist shot by Ville Nieminen.
12:53 of 1st period - Deflect By Barry Tallackson.
12:53 of 1st period - Stopped by Julien Ellis without a rebound.
12:54 of 1st period - Dan Fritsche wins face-off versus Josh Hennessy in Wolves zone.
12:54 of 1st period - Dan Fritsche is hit by Josh Hennessy.
13:06 of 1st period - Ethan Moreau is hit by Barry Tallackson and loses puck.
13:28 of 1st period - Icing by Marc Methot.
13:29 of 1st period - Patrik Berglund wins face-off versus Mike Zigomanis in Wolves zone.
13:59 of 1st period - Snap shot by Mike Zigomanis.
13:59 of 1st period - Shot Misses the Net.
14:01 of 1st period - Slapshot by Marc Methot.
14:01 of 1st period - Deflect By Mike Sislo.
14:01 of 1st period - Shot Blocked by Ryan Parent.
14:01 of 1st period - Puck is out of play.
14:02 of 1st period - Josh Hennessy wins face-off versus Stefan Chaput in Icehogs zone.
14:34 of 1st period - Slapshot by Chris Neil.
14:34 of 1st period - Stopped by José Theodore with a rebound.
15:00 of 1st period - Snap shot by Dylan Hunter.
15:00 of 1st period - Deflect By Joakim Andersson.
15:00 of 1st period - Stopped by Julien Ellis without a rebound.
15:01 of 1st period - Mike Zigomanis wins face-off versus Patrik Berglund in Wolves zone.
15:01 of 1st period - Mike Zigomanis is hit by B.J. Crombeen.
15:24 of 1st period - Icing by Vyacheslav Kozlov.
15:25 of 1st period - Josh Hennessy wins face-off versus Mike Zigomanis in Wolves zone.
16:00 of 1st period - Off-side.
16:01 of 1st period - Patrik Berglund wins face-off versus Stefan Chaput in neutral zone.
16:06 of 1st period - Stefan Chaput is hit by Niklas Hagman and loses puck.
16:31 of 1st period - Snap shot by Milan Bartovic.
16:31 of 1st period - Shot Misses the Net.
16:35 of 1st period - Snap shot by Dan Fritsche.
16:35 of 1st period - Stopped by José Theodore with a rebound.
16:37 of 1st period - Snap shot by Ethan Moreau.
16:37 of 1st period - Shot Misses the Net.
16:39 of 1st period - Snap shot by Matt Gilroy.
16:39 of 1st period - Stopped by José Theodore with a rebound.
16:53 of 1st period - Slapshot by Jaroslav Spacek.
16:53 of 1st period - Shot Misses the Net.
16:55 of 1st period - Slapshot by Ryan Parent.
16:55 of 1st period - Stopped by Julien Ellis with a rebound.
16:57 of 1st period - Slapshot by Ryan Parent.
16:57 of 1st period - Shot Misses the Net.
16:59 of 1st period - Snap shot by Ryan Shannon.
16:59 of 1st period - Shot Misses the Net.
17:01 of 1st period - Wrist shot by Chris Mueller.
17:01 of 1st period - Shot Hit the Post.
17:11 of 1st period - Slapshot by Alexander Perezhogin.
17:11 of 1st period - Shot Blocked by Mark Popovic.
17:21 of 1st period - Slapshot by Matt Hunwick.
17:21 of 1st period - Deflect By Dylan Hunter.
17:21 of 1st period - Shot Misses the Net.
17:21 of 1st period - Puck is out of play.
17:22 of 1st period - Patrik Berglund wins face-off versus Stefan Chaput in Wolves zone.
17:31 of 1st period - Snap shot by Niklas Hagman.
17:31 of 1st period - Shot Misses the Net.
17:33 of 1st period - Backhand shot by B.J. Crombeen.
17:33 of 1st period - Stopped by Julien Ellis with a rebound.
17:35 of 1st period - Slapshot by Niklas Hagman.
17:35 of 1st period - Goal by Niklas Hagman - Icehogs : 1 - Wolves : 0.
17:36 of 1st period - Mike Zigomanis wins face-off versus Patrik Berglund in neutral zone.
17:56 of 1st period - Mike Zigomanis is hit by B.J. Crombeen.
18:10 of 1st period - Snap shot by Ville Nieminen.
18:10 of 1st period - Shot Blocked by Ethan Moreau.
18:12 of 1st period - Snap shot by Josh Hennessy.
18:12 of 1st period - Stopped by Julien Ellis with a rebound.
18:14 of 1st period - Snap shot by Ryan Parent.
18:14 of 1st period - Deflect By Barry Tallackson.
18:14 of 1st period - Stopped by Julien Ellis with a rebound.
18:16 of 1st period - Wrist shot by Ryan Parent.
18:16 of 1st period - Shot Misses the Net.
18:18 of 1st period - Snap shot by Barry Tallackson.
18:18 of 1st period - Shot Misses the Net.
18:32 of 1st period - Wrist shot by Travis Moen.
18:32 of 1st period - Shot Misses the Net.
18:38 of 1st period - Snap shot by Travis Moen.
18:38 of 1st period - Shot Misses the Net.
18:52 of 1st period - Slapshot by Dylan Hunter.
18:52 of 1st period - Shot Blocked by Petr Kalus.
19:12 of 1st period - Snap shot by Vyacheslav Kozlov.
19:12 of 1st period - Stopped by José Theodore with a rebound.
19:14 of 1st period - Wrist shot by Alexander Perezhogin.
19:14 of 1st period - Shot Misses the Net.
19:16 of 1st period - Snap shot by Marc Methot.
19:16 of 1st period - Deflect By B.J. Crombeen.
19:16 of 1st period - Stopped by José Theodore without a rebound.
19:17 of 1st period - Josh Hennessy wins face-off versus Stefan Chaput in Icehogs zone.
19:43 of 1st period - Mike Zigomanis is hit by Patrik Berglund and loses puck.
19:58 of 1st period - B.J. Crombeen is hit by Vyacheslav Kozlov and loses puck.
2nd period
0:01 of 2nd period - Mike Zigomanis wins face-off versus B.J. Crombeen in neutral zone.
0:03 of 2nd period - Off-side.
0:04 of 2nd period - Mike Zigomanis wins face-off versus Patrik Berglund in neutral zone.
0:07 of 2nd period - Snap shot by Alexander Perezhogin.
0:07 of 2nd period - Stopped by José Theodore with a rebound.
0:13 of 2nd period - Slapshot by Jaroslav Spacek.
0:13 of 2nd period - Stopped by Julien Ellis with a rebound.
0:15 of 2nd period - Snap shot by Niklas Hagman.
0:15 of 2nd period - Shot Blocked by Mike Zigomanis.
0:17 of 2nd period - Slapshot by Niklas Hagman.
0:17 of 2nd period - Shot Blocked by Mike Zigomanis.
0:19 of 2nd period - Backhand shot by Ryan Parent.
0:19 of 2nd period - Stopped by Julien Ellis with a rebound.
0:49 of 2nd period - Snap shot by Stefan Chaput.
0:49 of 2nd period - Stopped by José Theodore without a rebound.
0:50 of 2nd period - Chris Mueller wins face-off versus Stefan Chaput in Icehogs zone.
1:20 of 2nd period - Wrist shot by Vyacheslav Kozlov.
1:20 of 2nd period - Stopped by José Theodore without a rebound.
1:21 of 2nd period - Patrik Berglund wins face-off versus Mike Zigomanis in Icehogs zone.
1:30 of 2nd period - Vyacheslav Kozlov is hit by B.J. Crombeen and loses puck.
1:31 of 2nd period - Vyacheslav Kozlov from Wolves is injured at 1:31 of 2nd period (Strained Right Elbow).
1:32 of 2nd period - Dan Fritsche wins face-off versus Patrik Berglund in Wolves zone.
1:41 of 2nd period - Snap shot by Ethan Moreau.
1:41 of 2nd period - Shot Misses the Net.
1:57 of 2nd period - Josh Hennessy is hit by Willie Mitchell and loses puck.
2:02 of 2nd period - Snap shot by Alexander Perezhogin.
2:02 of 2nd period - Shot Misses the Net.
2:10 of 2nd period - Alexander Perezhogin is hit by Josh Hennessy and loses puck.
2:21 of 2nd period - Wrist shot by Mike Sislo.
2:21 of 2nd period - Shot Misses the Net.
2:23 of 2nd period - Wrist shot by Chris Neil.
2:23 of 2nd period - Goal by Chris Neil - Icehogs : 1 - Wolves : 1.
2:24 of 2nd period - Stefan Chaput wins face-off versus Patrik Berglund in neutral zone.
2:26 of 2nd period - Off-side.
2:27 of 2nd period - Patrik Berglund wins face-off versus Stefan Chaput in neutral zone.
2:30 of 2nd period - Bruno Gervais is hit by Niklas Hagman and loses puck.
3:33 of 2nd period - Marc Methot is hit by Dan Bertram.
4:22 of 2nd period - Snap shot by Ethan Moreau.
4:22 of 2nd period - Stopped by José Theodore without a rebound.
4:23 of 2nd period - Cody McLeod wins face-off versus Chris Mueller in Icehogs zone.
5:33 of 2nd period - Wrist shot by Ville Nieminen.
5:33 of 2nd period - Shot Misses the Net.
5:35 of 2nd period - Backhand shot by Ryan Parent.
5:35 of 2nd period - Shot Blocked by Matt Gilroy.
5:39 of 2nd period - Wrist shot by Barry Tallackson.
5:39 of 2nd period - Shot Misses the Net.
6:14 of 2nd period - Minor Penalty to Niklas Hagman for Cross-checking.
6:15 of 2nd period - B.J. Crombeen wins face-off versus Mike Zigomanis in Icehogs zone.
6:52 of 2nd period - Snap shot by Chris Neil.
6:52 of 2nd period - Goal by Chris Neil - Icehogs : 1 - Wolves : 2.
6:53 of 2nd period - Mike Zigomanis wins face-off versus Patrik Berglund in neutral zone.
8:43 of 2nd period - Wrist shot by Ville Nieminen.
8:43 of 2nd period - Stopped by Julien Ellis with a rebound.
8:55 of 2nd period - Matt Hunwick is hit by Dan Fritsche and loses puck.
9:16 of 2nd period - Mark Popovic is hit by Alexander Perezhogin and loses puck.
9:27 of 2nd period - Slapshot by Dylan Hunter.
9:27 of 2nd period - Shot Blocked by Matt Gilroy.
9:29 of 2nd period - Wrist shot by Dylan Hunter.
9:29 of 2nd period - Stopped by Julien Ellis without a rebound.
9:30 of 2nd period - Mike Zigomanis wins face-off versus Joakim Andersson in Wolves zone.
9:43 of 2nd period - Snap shot by Dylan Hunter.
9:43 of 2nd period - Shot Misses the Net.
10:00 of 2nd period - Snap shot by Mark Popovic.
10:00 of 2nd period - Shot Misses the Net.
10:38 of 2nd period - Snap shot by Josh Hennessy.
10:38 of 2nd period - Stopped by Julien Ellis without a rebound.
10:39 of 2nd period - Josh Hennessy wins face-off versus Mike Zigomanis in Wolves zone.
10:56 of 2nd period - Wrist shot by Ville Nieminen.
10:56 of 2nd period - Stopped by Julien Ellis with a rebound.
10:58 of 2nd period - Snap shot by Josh Hennessy.
10:58 of 2nd period - Goal by Josh Hennessy - Icehogs : 2 - Wolves : 2.
10:59 of 2nd period - Patrik Berglund wins face-off versus Mike Zigomanis in neutral zone.
11:24 of 2nd period - Willie Mitchell is hit by Ville Nieminen and loses puck.
11:49 of 2nd period - Ethan Moreau is hit by Jaroslav Spacek and loses puck.
12:09 of 2nd period - Snap shot by Alexander Perezhogin.
12:09 of 2nd period - Stopped by José Theodore with a rebound.
12:27 of 2nd period - Snap shot by B.J. Crombeen.
12:27 of 2nd period - Shot Blocked by Marc-André Gragnani.
12:29 of 2nd period - Snap shot by B.J. Crombeen.
12:29 of 2nd period - Stopped by Julien Ellis without a rebound.
12:30 of 2nd period - Patrik Berglund wins face-off versus Stefan Chaput in Wolves zone.
12:33 of 2nd period - Snap shot by Niklas Hagman.
12:33 of 2nd period - Shot Misses the Net.
12:43 of 2nd period - Snap shot by Mike Sislo.
12:43 of 2nd period - Shot Misses the Net.
12:45 of 2nd period - Slapshot by Bruno Gervais.
12:45 of 2nd period - Shot Misses the Net.
13:03 of 2nd period - Wrist shot by Barry Tallackson.
13:03 of 2nd period - Shot Hit the Post.
14:03 of 2nd period - Snap shot by Chris Neil.
14:03 of 2nd period - Shot Misses the Net.
14:40 of 2nd period - Chris Mueller is hit by Milan Bartovic and loses puck.
14:59 of 2nd period - Milan Bartovic is hit by Joakim Andersson.
15:03 of 2nd period - Milan Bartovic is hit by Matt Hunwick and loses puck.
15:24 of 2nd period - Icing by Dan Fritsche.
15:25 of 2nd period - Patrik Berglund wins face-off versus Dan Fritsche in Wolves zone.
15:32 of 2nd period - Slapshot by B.J. Crombeen.
15:32 of 2nd period - Stopped by Julien Ellis without a rebound.
15:33 of 2nd period - Mike Zigomanis wins face-off versus Patrik Berglund in Wolves zone.
15:33 of 2nd period - Mike Zigomanis is hit by Niklas Hagman.
15:40 of 2nd period - Minor Penalty to Patrik Berglund for Interference.
15:41 of 2nd period - B.J. Crombeen wins face-off versus Mike Zigomanis in Icehogs zone.
16:51 of 2nd period - Jaroslav Spacek is hit by Marc Methot.
17:25 of 2nd period - Slapshot by Dan Fritsche.
17:25 of 2nd period - Shot Misses the Net.
17:40 of 2nd period - Penalty to Patrik Berglund is over, Patrik Berglund is back on ice.
17:57 of 2nd period - Snap shot by Jason King.
17:57 of 2nd period - Stopped by José Theodore without a rebound.
17:58 of 2nd period - Josh Hennessy wins face-off versus Petr Kalus in Icehogs zone.
18:15 of 2nd period - Josh Hennessy is hit by Petr Kalus.
18:46 of 2nd period - Snap shot by Ethan Moreau.
18:46 of 2nd period - Shot Blocked by Barry Tallackson.
18:52 of 2nd period - Slapshot by Ethan Moreau.
18:52 of 2nd period - Stopped by José Theodore with a rebound.
19:00 of 2nd period - Milan Jurcina is hit by Willie Mitchell and loses puck.
19:27 of 2nd period - Snap shot by Ville Nieminen.
19:27 of 2nd period - Shot Misses the Net.
19:29 of 2nd period - Wrist shot by Josh Hennessy.
19:29 of 2nd period - Shot Blocked by Willie Mitchell.
19:31 of 2nd period - Snap shot by Josh Hennessy.
19:31 of 2nd period - Stopped by Julien Ellis with a rebound.
19:33 of 2nd period - Slapshot by Matt Hunwick.
19:33 of 2nd period - Shot Misses the Net.
19:35 of 2nd period - Snap shot by Ville Nieminen.
19:35 of 2nd period - Shot Misses the Net.
19:37 of 2nd period - Slapshot by Mark Popovic.
19:37 of 2nd period - Shot Blocked by Jason King.
19:39 of 2nd period - Snap shot by Josh Hennessy.
19:39 of 2nd period - Shot Misses the Net.
19:41 of 2nd period - Slapshot by Ryan Parent.
19:41 of 2nd period - Shot Blocked by Bruno Gervais.
19:49 of 2nd period - Wrist shot by Ville Nieminen.
19:49 of 2nd period - Stopped by Julien Ellis with a rebound.
3rd period
0:01 of 3rd period - Patrik Berglund wins face-off versus Mike Zigomanis in neutral zone.
0:04 of 3rd period - Slapshot by Jaroslav Spacek.
0:04 of 3rd period - Stopped by Julien Ellis with a rebound.
0:06 of 3rd period - Snap shot by Niklas Hagman.
0:06 of 3rd period - Goal by Niklas Hagman - Icehogs : 3 - Wolves : 2.
0:07 of 3rd period - Mike Zigomanis wins face-off versus Patrik Berglund in neutral zone.
0:20 of 3rd period - Minor Penalty to B.J. Crombeen for Tripping.
0:21 of 3rd period - Dylan Hunter wins face-off versus Mike Zigomanis in Icehogs zone.
0:30 of 3rd period - Wrist shot by Alexander Perezhogin.
0:30 of 3rd period - Goal by Alexander Perezhogin - Icehogs : 3 - Wolves : 3.
0:31 of 3rd period - Mike Zigomanis wins face-off versus Niklas Hagman in neutral zone.
0:36 of 3rd period - Wrist shot by Cody McLeod.
0:36 of 3rd period - Stopped by José Theodore without a rebound.
0:37 of 3rd period - Mike Zigomanis wins face-off versus Patrik Berglund in Icehogs zone.
0:42 of 3rd period - Wrist shot by Mike Zigomanis.
0:42 of 3rd period - Stopped by José Theodore with a rebound.
1:46 of 3rd period - Icing by Josh Hennessy.
1:47 of 3rd period - Mike Zigomanis wins face-off versus Josh Hennessy in Icehogs zone.
1:58 of 3rd period - Cody McLeod is hit by Ville Nieminen and loses puck.
2:06 of 3rd period - Off-side.
2:07 of 3rd period - Patrik Berglund wins face-off versus Stefan Chaput in neutral zone.
2:34 of 3rd period - Jonas Junland is hit by Chris Mueller and loses puck.
3:11 of 3rd period - Ville Nieminen is hit by Mike Sislo and loses puck.
3:16 of 3rd period - Wrist shot by Chris Neil.
3:16 of 3rd period - Shot Blocked by Mark Popovic.
3:26 of 3rd period - Snap shot by Alexander Perezhogin.
3:26 of 3rd period - Stopped by José Theodore with a rebound.
3:28 of 3rd period - Slapshot by Cody McLeod.
3:28 of 3rd period - Stopped by José Theodore with a rebound.
3:30 of 3rd period - Slapshot by Mike Zigomanis.
3:30 of 3rd period - Shot Misses the Net.
3:40 of 3rd period - Patrik Berglund is hit by Matt Gilroy and loses puck.
4:13 of 3rd period - Wrist shot by Niklas Hagman.
4:13 of 3rd period - Deflect By B.J. Crombeen.
4:13 of 3rd period - Shot Misses the Net.
4:13 of 3rd period - Puck is out of play.
4:14 of 3rd period - Chris Mueller wins face-off versus Chris Neil in Wolves zone.
4:27 of 3rd period - Wrist shot by Ryan Shannon.
4:27 of 3rd period - Stopped by Julien Ellis without a rebound.
4:28 of 3rd period - Josh Hennessy wins face-off versus Mike Zigomanis in Wolves zone.
5:36 of 3rd period - Ethan Moreau is hit by Mark Popovic and loses puck.
5:48 of 3rd period - Minor Penalty to Patrik Berglund for Interference.
5:49 of 3rd period - B.J. Crombeen wins face-off versus Mike Zigomanis in Icehogs zone.
6:48 of 3rd period - Slapshot by Matt Hunwick.
6:48 of 3rd period - Shot Blocked by Alexander Perezhogin.
6:50 of 3rd period - Snap shot by Mark Popovic.
6:50 of 3rd period - Stopped by Julien Ellis without a rebound.
6:51 of 3rd period - Mike Zigomanis wins face-off versus Barry Tallackson in Wolves zone.
7:12 of 3rd period - Off-side.
7:13 of 3rd period - B.J. Crombeen wins face-off versus Mike Zigomanis in neutral zone.
7:40 of 3rd period - B.J. Crombeen is hit by Marc Methot and loses puck.
7:48 of 3rd period - Penalty to Patrik Berglund is over, Patrik Berglund is back on ice.
8:25 of 3rd period - Snap shot by Niklas Hagman.
8:25 of 3rd period - Shot Blocked by Cody McLeod.
8:27 of 3rd period - Wrist shot by Ryan Parent.
8:27 of 3rd period - Stopped by Julien Ellis with a rebound.
8:48 of 3rd period - Slapshot by Jaroslav Spacek.
8:48 of 3rd period - Shot Misses the Net.
8:50 of 3rd period - Wrist shot by B.J. Crombeen.
8:50 of 3rd period - Shot Misses the Net.
8:52 of 3rd period - Slapshot by Jaroslav Spacek.
8:52 of 3rd period - Stopped by Julien Ellis with a rebound.
9:12 of 3rd period - Wrist shot by Niklas Hagman.
9:12 of 3rd period - Stopped by Julien Ellis without a rebound.
9:13 of 3rd period - Mike Zigomanis wins face-off versus Josh Hennessy in Wolves zone.
9:13 of 3rd period - Mike Zigomanis is hit by Josh Hennessy.
9:19 of 3rd period - Slapshot by Mike Zigomanis.
9:19 of 3rd period - Stopped by José Theodore without a rebound.
9:20 of 3rd period - Mike Zigomanis wins face-off versus Josh Hennessy in Icehogs zone.
9:21 of 3rd period - Snap shot by Alexander Perezhogin.
9:21 of 3rd period - Stopped by José Theodore with a rebound.
9:45 of 3rd period - Ryan Shannon is hit by Mike Sislo.
10:17 of 3rd period - Wrist shot by Dylan Hunter.
10:17 of 3rd period - Shot Blocked by Ethan Moreau.
11:06 of 3rd period - Alexander Perezhogin is hit by Barry Tallackson and loses puck.
11:17 of 3rd period - Snap shot by Milan Bartovic.
11:17 of 3rd period - Stopped by José Theodore with a rebound.
12:41 of 3rd period - Mark Popovic is hit by Milan Bartovic and loses puck.
12:47 of 3rd period - Minor Penalty to Ville Nieminen for Tripping.
12:48 of 3rd period - B.J. Crombeen wins face-off versus Mike Zigomanis in Icehogs zone.
13:17 of 3rd period - Snap shot by Dan Fritsche.
13:17 of 3rd period - Stopped by José Theodore with a rebound.
13:19 of 3rd period - Snap shot by Dan Fritsche.
13:19 of 3rd period - Stopped by José Theodore without a rebound.
13:20 of 3rd period - Dylan Hunter wins face-off versus Dan Fritsche in Icehogs zone.
13:45 of 3rd period - Snap shot by Matt Gilroy.
13:45 of 3rd period - Shot Blocked by Jaroslav Spacek.
14:47 of 3rd period - Penalty to Ville Nieminen is over, Ville Nieminen is back on ice.
14:54 of 3rd period - Minor Penalty to Marc Methot for Delaying the game.
14:55 of 3rd period - Ethan Moreau wins face-off versus Patrik Berglund in Wolves zone.
15:45 of 3rd period - Patrik Berglund is hit by Mike Sislo and loses puck.
16:54 of 3rd period - Penalty to Marc Methot is over, Marc Methot is back on ice.
16:57 of 3rd period - Off-side.
16:58 of 3rd period - Mike Zigomanis wins face-off versus Joakim Andersson in neutral zone.
17:01 of 3rd period - Wrist shot by Alexander Perezhogin.
17:01 of 3rd period - Stopped by José Theodore without a rebound.
17:02 of 3rd period - Mike Zigomanis wins face-off versus Joakim Andersson in Icehogs zone.
17:56 of 3rd period - Minor Penalty to B.J. Crombeen for Hooking.
17:57 of 3rd period - Dylan Hunter wins face-off versus Mike Zigomanis in Icehogs zone.
18:32 of 3rd period - Wrist shot by Chris Neil.
18:32 of 3rd period - Goal by Chris Neil - Icehogs : 3 - Wolves : 4.
18:33 of 3rd period - Dan Fritsche wins face-off versus Chris Mueller in neutral zone.
18:38 of 3rd period - Slapshot by Bruno Gervais.
18:38 of 3rd period - Stopped by José Theodore with a rebound.
18:40 of 3rd period - Snap shot by Willie Mitchell.
18:40 of 3rd period - Stopped by José Theodore with a rebound.
18:42 of 3rd period - Slapshot by Willie Mitchell.
18:42 of 3rd period - Deflect By Dan Fritsche.
18:42 of 3rd period - Stopped by José Theodore with a rebound.
18:43 of 3rd period - Minor Penalty to Ryan Shannon for Hooking.
18:44 of 3rd period - B.J. Crombeen wins face-off versus Mike Zigomanis in Icehogs zone.
19:18 of 3rd period - Slapshot by Willie Mitchell.
19:18 of 3rd period - Deflect By Chris Neil.
19:18 of 3rd period - Goal by Chris Neil - Icehogs : 3 - Wolves : 5.
19:19 of 3rd period - Chris Mueller wins face-off versus Dan Fritsche in neutral zone.
Output by the SimonT Hockey Simulator (STHS) for François Prévost -- Original Page W3C XHTML 1.0 Valid